 Dungeon Crawl Stone Soup version 0.31-a0-164-g2312942fda (webtiles) character file.

Game seed: 301315469913868641

92 mopl the Magician (level 4, 0/27 HPs)
             Began as an Octopode Hedge Wizard on June 13, 2023.
             Succumbed to a scorpion's poison
             ... on level 3 of the Dungeon.
             The game lasted 00:03:28 (2107 turns).

mopl the Magician (Octopode Hedge Wizard)           Turns: 2107, Time: 00:03:29

Health: 0/27       AC:  1    Str:  9    XL:     4   Next: 60%
Magic:  9/9        EV: 13    Int: 18    God:
Gold:   120        SH:  0    Dex: 11    Spells: 4/10 levels left

rFire   . . .        a - staff of conjuration
rCold   . . .        (no shield)
rNeg    . . .        b - +0 hat
rPois   .            (no amulet)
rElec   .            (no ring)
rCorr   .            (no ring)
SInv    .            (no ring)
Will    .....        (no ring)
Stlth   +++          (no ring)
HPRegen 0.24/turn    (no ring)
MPRegen 0.11/turn    (no ring)
                     (no ring)

%: no passive effects
@: lethally poisoned (0 -> -16)
A: almost no armour, amphibious, 8 rings, camouflage 1, gelatinous body 1,
(nimble swimmer 1), tentacles
a: no special abilities


You were on level 3 of the Dungeon.
You visited 1 branch of the dungeon, and saw 3 of its levels.

You collected 120 gold pieces.

Inventory:

Hand Weapons
 g - a +0 dagger
Armour
 b - a +0 hat (worn)
Magical Staves
 a - a staff of conjuration (weapon)
Wands
 n - a wand of mindburst (9)
Scrolls
 d - a scroll of immolation {unknown}
 e - a scroll of noise {unknown}
 f - a scroll of revelation {unknown}
 i - 2 scrolls of vulnerability {unknown}
 k - 2 scrolls of identify {unknown}
 p - 2 scrolls of butterflies {unknown}
 q - a scroll of teleportation {unknown}
Potions
 c - a potion of magic
 h - a potion of curing {unknown}
 j - 2 potions of invisibility {unknown}
 l - a potion of enlightenment {unknown}
 m - a potion of degeneration {unknown}
 o - a potion of mutation {unknown}


   Skills:
 - Level 2.0 Dodging
 - Level 2.6 Stealth
 + Level 3.6 Spellcasting
 + Level 2.3 Conjurations
 - Level 1.0 Summonings
 + Level 2.2 Translocations
 + Level 1.4 Evocations


You had 4 spell levels left.
You knew the following spells:

 Your Spells              Type           Power      Damage    Failure   Level
a - Magic Dart            Conj           68%        1d6       6%          1
c - Mephitic Cloud        Conj/Pois/Air  9%         N/A       32%         3
e - Blink                 Tloc           22%        N/A       9%          2

Your spell library contained the following spells:

 Spells                   Type           Power      Damage    Failure   Level
 Summon Small Mammal      Summ           24%        N/A       10%         1
 Slow                     Hex            12%        N/A       16%         1
 Call Imp                 Summ           12%        N/A       16%         2
 Cigotuvi's Dreadful Rot  Necr/Pois/Air  6%         N/A       24%         2
 Call Canine Familiar     Summ           6%         N/A       30%         3
 Summon Guardian Golem    Hex/Summ       5%         N/A       36%         3


Dungeon Overview and Level Annotations

Branches:
Dungeon (3/15)

Altars:
Okawaru


Innate Abilities, Weirdness & Mutations

You cannot wear most types of armour.
You are amphibious.
You can wear up to eight rings at the same time.
Your skin changes colour to match your surroundings (Stealth+).
Your rubbery body absorbs attacks. (AC +1, EV +1)
((You are camouflaged when in or above water. (Stealth+)))
You have tentacles for arms and can constrict up to eight enemies at once.


Message History

A dart slug comes into view.
You feel a surge of power!
The magic dart hits the dart slug.
The dart slug is heavily wounded.
You feel a surge of power!
The magic dart hits the dart slug.
The dart slug is heavily wounded.
You feel a surge of power!
The magic dart hits the dart slug.
The dart slug is almost dead.
You feel a surge of power!
The magic dart hits the dart slug.
You kill the dart slug!
No target in view!
Found 7 stones.
Found a stone staircase leading up.
q - a scroll labelled BIET TASUHU You now have 106 gold pieces (gained 11).
You now have 120 gold pieces (gained 14).
Found a stone staircase leading down.
Found a short sword.
Found an iron altar of Okawaru.
p - 2 scrolls labelled GOVIMOEGURCH (gained 1)
A scorpion is nearby!
You feel a surge of power!
The magic dart hits the scorpion.
The scorpion is lightly wounded.
Things that are here:
a +0 mace; a ball python corpse The scorpion attacks as you move away!
The scorpion stings you. The scorpion attacks as you move away!
The scorpion closely misses you. x2
The scorpion attacks as you move away! The scorpion stings you.
The scorpion attacks as you move away! The scorpion stings you.
The scorpion stings you.
You are poisoned.
The scorpion poisons you! The scorpion attacks as you move away!
The scorpion stings you but does no damage.
You feel very sick. The scorpion attacks as you move away!
The scorpion stings you.
You are lethally poisoned!
The scorpion poisons you!
* * * LOW HITPOINT WARNING * * *
You feel very sick.
You die...

#..##....# #....... ##..#
#.#### #....... ####..# ##.#
#....... #.....# #..#
#....... #.....# #.##
#.<..... ####<....###.#
##...... #........##s.#
##....( #...##).....#.##
#####. #...........@.######
#. #.....#~##.........## ###.
#...###≈≈#≈#..####..######...
#...#≈≈≈≈≈≈#..# ##..>.......
#..#≈≈#≈≈#≈##.# #####......##
##.#≈≈≈≈≈≈≈≈#.###...).######
#.#≈≈#≈≈≈#≈~.....#####
#.##≈≈≈≈≈≈##.#.###
#..≈≈≈≈#≈≈#..#.#


You could see a scorpion.

Vanquished Creatures
  An adder (D:2)
  A worm (D:2)
  A dart slug (D:3)
  6 endoplasms
  5 giant cockroaches
  9 goblins
  3 hobgoblins
  8 jackals (D:1)
  3 quokkas
  12 ball pythons
  7 bats
  4 frilled lizards
  6 kobolds
  4 rats
70 creatures vanquished.

Notes
Turn   | Place    | Note
-------+----------+-------------------------------------------
     0 | D:1      | mopl the Octopode Hedge Wizard began the quest for the Orb.
     0 | D:1      | Reached XP level 1. HP: 11/11 MP: 4/4
   151 | D:1      | Reached XP level 2. HP: 5/17 MP: 4/6
   170 | D:1      | Learned a level 2 spell: Blink
   474 | D:1      | Reached XP level 3. HP: 21/21 MP: 2/7
   478 | D:1      | Learned a level 3 spell: Mephitic Cloud
   964 | D:1      | Reached skill level 2 in Translocations
  1065 | D:2      | Reached skill level 1 in Evocations
  1079 | D:2      | Reached skill level 2 in Conjurations
  1179 | D:2      | Reached XP level 4. HP: 27/27 MP: 1/9
  1672 | D:2      | Found a faded altar of an unknown god.
  1931 | D:3      | Noticed a scorpion
  2067 | D:3      | Found an iron altar of Okawaru.
  2107 | D:3      | Succumbed to a scorpion's poison

Illustrated notes

Levels and vault maps discovered:
D:1:      minmay_arrival_glassed_features, layout_basic,
          minmay_indecisive_spiral
D:2:      layout_loops_ring, shapermc_ecumenical_altar_mp_ritualfount
D:3:      layout_rooms, mainiacjoe_overflow_boulevard, xom_teletrap_fun,
          serial_shops, nicolae_square_shop, chequers_serial_rivers_room_b,
          grunt_decor_mini_mirrors, minivault_4, uniq_terence,
          uniq_crazy_yiuf_cottage

Skill      XL: |  1  2  3 |
---------------+----------+-----
Translocations | 2 |  2.2
Evocations     | 1 |  1.4
Conjurations   | 2 |  2.3
Dodging        | |  2.0
Stealth        | |  2.6
Spellcasting   | |  3.6
Summonings     | |  1.0

Action                     |  1- 3 |  4- 6 || total
---------------------------+-------+-------++-------
  Melee: Dagger            |    30 |       ||    30
         Constrict         |    15 |     7 ||    22
         Tentacles         |    15 |     9 ||    24
         Staff             |    28 |    34 ||    62
   Cast: Magic Dart        |    54 |    34 ||    88
   Stab: Sleeping          |     2 |     4 ||     6
 Armour: Skin              |     6 |     6 ||    12
  Dodge: Dodged            |    50 |    24 ||    74

Table legend: (Time is in decaauts)
 A = Elapsed time spent in this place.
 B = Non-inter-level travel time spent in this place.
 C = Inter-level travel time spent in this place.
 D = Time resting spent in this place.
 E = Time spent auto-exploring this place.
 F = Levels seen in this place.
 G = Mean time per level.
                   A        B        C        D        E       F      G
               +--------+--------+--------+--------+--------+-----+--------+
         Total |   2118 |   2026 |     92 |    418 |   1150 |   3 |  706.0 |
       Dungeon |   2118 |   2026 |     92 |    418 |   1150 |   3 |  706.0 |
               +--------+--------+--------+--------+--------+-----+--------+

Top non-repeatable levels by time:
     D:1: 1040 daAuts
     D:2: 835 daAuts
     D:3: 241 daAuts
